 Dungeon Crawl Stone Soup version 0.29.0-11-gd7f09526c8 (webtiles) character file.

Game seed: 14214425451240136560

210 mdonais the Digger (level 5, 0/36 HPs)
             Began as an Octopode Earth Elementalist on Sept 3, 2022.
             Was an Initiate of Vehumet.
             Slain by a phantom (6 damage)
             ... on level 4 of the Dungeon.
             The game lasted 00:09:24 (3976 turns).

mdonais the Digger (Octopode Earth Elementalist)    Turns: 3976, Time: 00:09:25

Health: 0/36       AC:  1    Str:  7    XL:     5   Next: 87%
Magic:  4/8        EV: 12    Int: 19    God:    Vehumet [......]
Gold:   236        SH:  3    Dex: 13    Spells: 2/8 levels left

rFire   . . .      SeeInvis .   c - +0 dagger
rCold   . . .      Faith    .   r - +0 buckler
rNeg    . . .      Spirit   .   (helmet restricted)
rPois   .          Reflect  .   (no amulet)
rElec   .          Harm     .   (no ring)
rCorr   .          Rampage  .   (no ring)
Will    .....                   (no ring)
Stlth   +++.......              (no ring)
HPRegen 0.12/turn               (no ring)
MPRegen 0.11/turn               (no ring)
                                (no ring)
                                (no ring)

@: no status effects
A: almost no armour, amphibious, 8 rings, camouflage 1, gelatinous body 1,
(nimble swimmer 1), tentacles
a: Renounce Religion


You were on level 4 of the Dungeon.
You worshipped Vehumet.
Vehumet was noncommittal.
You visited 1 branch of the dungeon, and saw 4 of its levels.

You collected 236 gold pieces.

Inventory:

Hand Weapons
 c - a +0 dagger (weapon)
   (You found it on level 1 of the Dungeon)
 s - a +1 long sword of flaming
   (You found it on level 4 of the Dungeon)
Missiles
 u - 5 poisoned darts (quivered)
 Z - a throwing net {=!f}
Armour
 r - a +0 buckler (worn)
   (You took it off a gnoll sergeant on level 4 of the Dungeon)
Jewellery
 o - a ring of fire
   (You found it on level 2 of the Dungeon)
Wands
 q - a wand of mindburst (7)
   (You found it on level 3 of the Dungeon)
 I - a wand of iceblast (5)
   (You found it on level 2 of the Dungeon)
Scrolls
 b - a scroll of brand weapon {unknown}
 h - 3 scrolls of teleportation {unknown}
 i - a scroll of vulnerability {unknown}
 j - 3 scrolls of identify {unknown}
 k - 4 scrolls of enchant weapon {unknown}
 l - a scroll of poison {unknown}
 p - a scroll of fog {unknown}
 w - a scroll of noise {unknown}
Potions
 a - a potion of magic
 d - 2 potions of attraction {unknown}
 e - 3 potions of curing {unknown}
 f - 3 potions of brilliance {unknown}
 g - a potion of cancellation {unknown}
 m - a potion of haste {unknown}
 n - a potion of might {unknown}
 t - a potion of heal wounds {unknown}
 v - a potion of ambrosia {unknown}


   Skills:
 - Level 3.0 Fighting
 - Level 2.0 Dodging
 - Level 3.3 Stealth
 + Level 0.6 Shields
 - Level 2.0 Spellcasting
 - Level 2.7 Conjurations
 - Level 1.0 Transmutations
 - Level 4.0 Earth Magic
 - Level 1.0 Evocations


You had 2 spell levels left.
You knew the following spells:

 Your Spells              Type           Power      Damage    Failure   Level
a - Sandblast             Erth           34%        2d9       4%          1
b - Stone Arrow           Conj/Erth      28%        3d8       17%         3
c - Passwall              Tmut/Erth      9%         N/A       12%         2

Your spell library contained the following spells:

 Spells                   Type           Power      Damage    Failure   Level
 Magic Dart               Conj           48%        1d5       8%          1
 Call Imp                 Summ           1%         N/A       34%         2
 Mephitic Cloud           Conj/Pois/Air  5%         N/A       43%         3
 Petrify                  Tmut/Erth      11%        N/A       63%         4


Dungeon Overview and Level Annotations

Branches:
Dungeon (4/15) Zot: 19947
 Temple: D:4-7

Altars:
Qazlal
Sif Muna
Vehumet

Annotations:
D:2 Sigmund


Innate Abilities, Weirdness & Mutations

You cannot wear most types of armour.
You are amphibious.
You can wear up to eight rings at the same time.
Your skin changes colour to match your surroundings (Stealth+).
Your rubbery body absorbs attacks. (AC +1, EV +1)
((You are camouflaged when in or above water. (Stealth+)))
You have tentacles for arms and can constrict up to eight enemies at once.


Message History

You kill the gnoll sergeant!
Vehumet accepts your kill.
Your Conjurations skill increases to level 2!
You now have 2/8 mp.
Casting: Sandblast (safe; 3% risk of failure)
Confirm with . or Enter, or press ? or * to list all spells.
You can't see any susceptible monsters within range! (Use Z to cast anyway.)
Casting: Sandblast (safe; 3% risk of failure)
Confirm with . or Enter, or press ? or * to list all spells.
You can't see any susceptible monsters within range! (Use Z to cast anyway.)
Casting: Sandblast (safe; 3% risk of failure)
Confirm with . or Enter, or press ? or * to list all spells.
You can't see any susceptible monsters within range! (Use Z to cast anyway.)
Items here: ))) [[ ÷ †.
r - a +0 buckler You start putting on your armour.
You continue putting on your +0 buckler. x4
You finish putting on your +0 buckler.
A gnoll is nearby!
MP restored: 8
Casting: Sandblast (safe; 4% risk of failure)
Confirm with . or Enter, or press ? or * to list all spells.
You can't see any susceptible monsters within range! (Use Z to cast anyway.)
The gnoll shouts!
Casting: Sandblast (safe; 4% risk of failure)
Confirm with . or Enter, or press ? or * to list all spells.
Aiming: Sandblast (safe; 4% risk of failure)
Press: ? - help, Shift-Dir - straight line, f - gnoll
Aim: a gnoll, wielding a +0 flail (84% to hit)
The blast of sand hits the gnoll!
The gnoll is heavily wounded.
You now have 7/8 mp.
Items here: ))) [ ÷ †.
Casting: Sandblast (safe; 4% risk of failure)
Confirm with . or Enter, or press ? or * to list all spells.
Aiming: Sandblast (safe; 4% risk of failure)
Press: ? - help, Shift-Dir - straight line, f/p - gnoll
Aim: a gnoll, wielding a +0 flail (heavily wounded, 84% to hit)
The blast of sand hits the gnoll!
You kill the gnoll!
Vehumet accepts your kill.
You now have 6/8 mp.
Items here: ))) [ ÷ †.
You see here a +0 flail.
There is an open door here.
You pick up a book of Minor Magic and begin reading...
You add the spells Magic Dart, Call Imp and Mephitic Cloud to your library.
MP restored: 8 You see here a +1 long sword of flaming.
You see here a +1 long sword of flaming.
s - a +1 long sword of flaming
t - a purple potion
u - 5 poisoned darts
v - a blue potion A ball python comes into view.
Casting: Sandblast (safe; 4% risk of failure)
Confirm with . or Enter, or press ? or * to list all spells.
Aiming: Sandblast (safe; 4% risk of failure)
Press: ? - help, Shift-Dir - straight line, f - ball python
Aim: a ball python (asleep, 100% to hit)
The blast of sand hits the ball python!
You kill the ball python!
Vehumet accepts your kill.
You now have 7/8 mp.
w - a scroll labelled DUULOA PEUDAM MP restored: 8
k - 4 scrolls labelled JANTUBI GAXZEQ (gained 2)
You open the door.
There is an open door here.
A phantom comes into view.
Casting: Sandblast (safe; 4% risk of failure)
Confirm with . or Enter, or press ? or * to list all spells.
Aiming: Sandblast (safe; 4% risk of failure)
Press: ? - help, Shift-Dir - straight line, f - phantom
Aim: a phantom (dormant, 100% to hit)
The blast of sand hits the phantom.
The phantom is lightly damaged.
You now have 7/8 mp.
MP restored: 8
Casting: Sandblast (safe; 4% risk of failure)
Confirm with . or Enter, or press ? or * to list all spells.
Aiming: Sandblast (safe; 4% risk of failure)
Press: ? - help, Shift-Dir - straight line, f/p - phantom
Aim: a phantom (lightly damaged, 75% to hit)
The blast of sand misses the phantom.
You now have 7/8 mp.
Casting: Sandblast (safe; 4% risk of failure)
Confirm with . or Enter, or press ? or * to list all spells.
Aiming: Sandblast (safe; 4% risk of failure)
Press: ? - help, Shift-Dir - straight line, f/p - phantom
Aim: a phantom (lightly damaged, 75% to hit)
The blast of sand hits the phantom.
The phantom is moderately damaged.
The phantom hits you!
The phantom blinks!
You blink.
The phantom hits you.
You take 14 damage, and have 22/36 hp.
MASSIVE DAMAGE!!
You now have 6/8 mp.
Casting: Sandblast (safe; 4% risk of failure)
Confirm with . or Enter, or press ? or * to list all spells.
Aiming: Sandblast (safe; 4% risk of failure)
Press: ? - help, Shift-Dir - straight line, f/p - phantom
Aim: a phantom (moderately damaged, 75% to hit)
The blast of sand misses the phantom.
The phantom hits you.
You take 6 damage, and have 16/36 hp.
You now have 5/8 mp.
Casting: Sandblast (safe; 4% risk of failure)
Confirm with . or Enter, or press ? or * to list all spells.
Aiming: Sandblast (safe; 4% risk of failure)
Press: ? - help, Shift-Dir - straight line, f/p - phantom
Aim: a phantom (moderately damaged, 75% to hit)
The blast of sand misses the phantom.
The phantom misses you. The phantom hits you.
* * * LOW HITPOINT WARNING * * *
The phantom blinks!
You blink.
You take 6 damage, and have 10/36 hp.
You now have 4/8 mp.
Casting: Sandblast (safe; 4% risk of failure)
Confirm with . or Enter, or press ? or * to list all spells.
Aiming: Sandblast (safe; 4% risk of failure)
Press: ? - help, Shift-Dir - straight line, f/p - phantom
Aim: a phantom (moderately damaged, 75% to hit)
The blast of sand hits the phantom but does no damage.
The phantom is moderately damaged.
The phantom misses you.
You now have 3/8 mp.
Aiming: Mindburst
Press: ? - help, Shift-Dir - straight line, f/p - phantom
Aim: a phantom (moderately damaged, chance to affect: 51%)
The phantom resists with significant effort.
The phantom barely misses you.
Aiming: Mindburst
Press: ? - help, Shift-Dir - straight line, f/p - phantom
Aim: a phantom (moderately damaged, chance to affect: 51%)
The phantom resists with significant effort.
The phantom hits you.
* * * LOW HITPOINT WARNING * * *
The phantom blinks!
You blink.
You take 5 damage, and have 6/36 hp.
Okay, then.
Unknown command.
Okay, then.
Aiming: Iceblast
Press: ? - help, Shift-Dir - straight line, f/p - phantom
Aim: a phantom (moderately damaged)
Okay, then.
Unknown command.
Press: ? - help, v - describe, . - travel
Here: a phantom (moderately damaged)
The floor.
Aiming: Mindburst
Press: ? - help, Shift-Dir - straight line, f/p - phantom
Aim: a phantom (moderately damaged, chance to affect: 51%)
The phantom's mind is blasted!!
The phantom hits you.
You die...

#.# .....
#.###...## ..
#........##.#
##.#.#.#.#..
#.........#
#.#.#.#.##
#..§....#
#.#.#W#.#
#...@...#
#.......###
#########


You could see a phantom.

Vanquished Creatures
  A gnoll sergeant (D:4)
  5 gnolls (D:4)
  5 adders
  2 worms
  2 dart slugs
  An orc (D:3)
  4 bats
  2 endoplasms
  A giant cockroach (D:3)
  2 goblins
  6 hobgoblins
  4 kobolds
  2 quokkas
  2 ball pythons
  6 frilled lizards
  5 rats
50 creatures vanquished.

Notes
Turn   | Place    | Note
-------+----------+-------------------------------------------
     0 | D:1      | mdonais the Octopode Earth Elementalist began the quest for
                  | the Orb.
     0 | D:1      | Reached XP level 1. HP: 11/11 MP: 3/3
   213 | D:1      | Reached XP level 2. HP: 18/18 MP: 3/5
   409 | D:1      | Reached skill level 1 in Fighting
   922 | D:2      | Reached XP level 3. HP: 24/24 MP: 4/6
   926 | D:2      | Learned a level 3 spell: Stone Arrow
   974 | D:2      | Noticed Sigmund
  1592 | D:2      | Found a stormy altar of Qazlal.
  1746 | D:2      | Identified the +2 robe of the Ten Bounties {Will+}
  1946 | D:3      | Reached XP level 4. HP: 29/29 MP: 5/7
  2036 | D:3      | Learned a level 2 spell: Passwall
  2155 | D:3      | Found a faded altar of an unknown god.
  2370 | D:3      | Found a radiant altar of Vehumet.
  2372 | D:3      | Found a shimmering blue altar of Sif Muna.
  2409 | D:3      | Became a worshipper of Vehumet
  2561 | D:3      | Reached skill level 1 in Evocations
  2817 | D:4      | Noticed a gnoll sergeant
  3325 | D:4      | Reached skill level 4 in Earth Magic
  3325 | D:4      | Reached XP level 5. HP: 36/36 MP: 5/8
  3410 | D:4      | Reached skill level 1 in Conjurations
  3852 | D:4      | Noticed a phantom
  3956 | D:4      | Noticed a phantom
  3976 | D:4      | Slain by a phantom

Illustrated notes

Levels and vault maps discovered:
D:1:      saegor_arrival_simple_a, layout_loops_ring
D:2:      layout_loops_ring, basic_altar, uniq_sigmund
D:3:      layout_loops_cross, jmf_multi_god_temple,
          shapermc_ecumenical_altar_venn
D:4:      layout_basic, temple_fountains, serial_co_window_serial,
          co_window_paths_a, co_window_paths_a, co_window_paths_a,
          co_window_of_opportunity_a, co_window_of_opportunity_a,
          co_window_cross_1, co_window_paths_a, co_window_broadway_c,
          co_window_unsneaky_path_c, co_window_paths_c, co_window_cross_2,
          glass_columns_a, glass_columns_b, glass_columns_c, glass_columns_a,
          lightli_minifort, uniq_edmund

Skill      XL: |  1  2  3  4  5 |
---------------+----------------+-----
Stealth        | 3 |  3.3
Fighting       | 1 2 3 |  3.0
Evocations     | 1 |  1.0
Earth Magic    | 4 |  4.0
Conjurations   | 2 |  2.7
Dodging        | |  2.0
Shields        | |  0.6
Spellcasting   | |  2.0
Transmutations | |  1.0

Action                   |  1- 3 |  4- 6 || total
-------------------------+-------+-------++-------
Melee: Dagger            |       |     3 ||     3
       Constrict         |       |     1 ||     1
 Cast: Sandblast         |    38 |   114 ||   152
       Stone Arrow       |       |     2 ||     2
Evoke: Wand              |       |     3 ||     3
Dodge: Dodged            |     1 |     9 ||    10
